 Dungeon Crawl Stone Soup version 0.19-a0-1260-gc94d3f7 (webtiles) character file.

92 epen the Poker (level 4, -1/36 HPs)
             Began as a Merfolk Monk on Aug 28, 2016.
             Slain by Ijyb
             ... wielding a +8 club
              (6 damage)
             ... on level 2 of the Dungeon.
             The game lasted 00:02:28 (1525 turns).

epen the Poker (Merfolk Monk)                       Turns: 1525, Time: 00:02:28

Health: -1/36      AC:  2    Str: 12    XL:     4   Next: 60%
Magic:  4/4        EV: 15    Int:  9    God:
Gold:   51         SH:  0    Dex: 16    Spells: 0 memorised, 3 levels left

rFire  . . .     SeeInvis .     a - +0 spear
rCold  . . .     Gourm    .     b - +0 robe
rNeg   . . .     Faith    .     (no shield)
rPois  .         Spirit   .     (no helmet)
rElec  .         Dismiss  .     (no cloak)
rCorr  .         Reflect  .     (no gloves)
MR     .....     Harm     +     (no boots)
Stlth  ++........               g - amulet of harm
                                (no ring)
                                (no ring)

@: no status effects
A: change form in water, swift swim, stealthy swim
a: no special abilities


You were on level 2 of the Dungeon.
You were not hungry.

You visited 1 branch of the dungeon, and saw 2 of its levels.

You collected 51 gold pieces.

Inventory:

Hand Weapons
 a - a +0 spear (weapon)
Armour
 b - a +0 robe (worn)
Jewellery
 g - an amulet of harm (around neck)
 o - an uncursed ring of ice
Scrolls
 f - 2 scrolls of magic mapping {unknown}
 h - 3 scrolls of identify {unknown}
 j - a scroll of fear {unknown}
 l - 2 scrolls of noise {unknown}
 m - a scroll of blinking {unknown}
 n - a scroll of remove curse {unknown}
Potions
 e - a potion of brilliance {unknown}
 k - a potion of heal wounds {unknown}
 p - a potion of curing {unknown}
 q - a potion of flight {unknown}
Comestibles
 c - 3 bread rations
 d - 2 slices of pizza


   Skills:
 + Level 3.6 Fighting
 * Level 5.9 Polearms
 * Level 1.3 Armour
 + Level 4.7 Dodging
 - Level 2.1 Stealth


You had 3 spell levels left.
You didn't know any spells.

Dungeon Overview and Level Annotations

Branches:
Dungeon (2/15)

Altars:

Annotations:
D:2 Ijyb


Message History

You barely miss Ijyb.
Ijyb is almost dead.
Ijyb hits you but does no damage.
You completely miss Ijyb.
Ijyb is almost dead.
Ijyb hits you with an enchanted club!
* * * LOW HITPOINT WARNING * * *
You are too injured to fight recklessly!
You barely miss Ijyb.
Ijyb is almost dead.
Ijyb hits you with an enchanted club.
* * * LOW HITPOINT WARNING * * *
You are too injured to fight recklessly!
You are too injured to fight recklessly!
You hit Ijyb but do no damage.
Ijyb is almost dead.
You completely miss Ijyb.
Ijyb is almost dead.
Ijyb hits you with an enchanted club.
You die...

#.# #.#.#....#########....... ..#
#.#.#..###..?.)..#.....## ###
#.#.#..# #8.....8######## ####
#<#.#..###.......# # ...#
#.#......#8.....8# #
##.######.###..###.g.....# #
##.............# #8.....8########
########......####ggg....#.......
# #.(......@#8.....8########
########..#######gg......#
..........##### #g.......#
#######.......###.####.### #
#.#(###.#..........# # #.#.#
#....#.###.#.# ###### # #.#.#
###..........# #..... # #.#.#
##.#.###.#.# #.#### # #.#.#
#.#.#(#.#.# #.#


You could see Ijyb and 2 goblins.

Vanquished Creatures
  3 adders (D:2)
  An ooze (D:1)
  2 dart slugs (D:2)
  3 giant geckos
  A ball python (D:2)
  9 bats
  A giant cockroach (D:1)
  3 hobgoblins
  10 jackals
  3 giant newts
  5 goblins
  6 kobolds
  6 rats
53 creatures vanquished.

Vanquished Creatures (others)
  4 toadstools (D:1)
4 creatures vanquished.

Grand Total: 57 creatures vanquished

Notes
Turn   | Place    | Note
-------+----------+-------------------------------------------
     0 | D:1      | epen the Merfolk Monk began the quest for the Orb.
     0 | D:1      | Reached XP level 1. HP: 18/18 MP: 1/1
   121 | D:1      | Reached XP level 2. HP: 22/24 MP: 2/2
   420 | D:1      | Reached skill level 5 in Polearms
   420 | D:1      | Reached XP level 3. HP: 27/29 MP: 3/3
   725 | D:2      | Reached skill level 1 in Armour
   725 | D:2      | Reached XP level 4. HP: 25/35 MP: 4/4
  1258 | D:2      | Found a faded altar of an unknown god.
  1497 | D:2      | Noticed Ijyb
  1525 | D:2      | Slain by Ijyb

Vault maps used:
D:1:      ldierk_water_garden
D:2:      kennysheep_the_goblin_king, ecumenical_altar_2, minmay_surrounded

Skill      XL: |  1  2  3 |
---------------+----------+-----
Polearms       | 5 |  5.9
Armour         | 1 |  1.3
Fighting       | |  3.6
Dodging        | |  4.7
Stealth        | |  2.1

Action                   |  1- 3 |  4- 6 || total
-------------------------+-------+-------++-------
Melee: Spear             |   124 |   112 ||   236
 Stab: Sleeping          |     8 |     4 ||    12
  Eat: Chunk             |       |     2 ||     2
Armor: Robe              |     6 |    10 ||    16
Dodge: Dodged            |    74 |    77 ||   151
